Minoru, lawful male human Samurai --- ------------------ --- ---.|---|...(............|--------------|.-- ---------- |...|...|................|%%*|..|...|...|..| --........-- --...|...-..--|--.........|!.%|..|...|...|..-- |...----...----....|...|..|...|..-----..|...|..|-|---|--...-------- |..-- --..........-----..|...|--|((.|..--|---|-.........|....|...-- ---- |.---.............|...| |.(.-.............-----...........-- |.--...|.|........|---| |.(.|......--+-...| ..|............| --- |.....---|.----...|(((|+------..{...|..|...-...|............| |.-- ---...| |.| +...|(((|.............|..|...|...|..(....|.|.-- |..-- |....| |.| |.(.|...--+-.....---|-------------.|....------ |-..| |..|.---|.----...--|-- |..-|-|...................|..--- -----...| ---|<..--...|........| |..|..|----....---------.--..[.---.......| --....(..|..#....)----..|..|..@-....|..&..)||.|.......>..---..| -----...|-....{.....(..|..|...|....-.._0))||.|..........| |..-- |...--..|....#.....--------....|......||...---......---...| |....%..--...).................----------..| |...........-- ------......---------------...............-- ------.....-- ---.---- |.......|.....---- ------- --- --.---.---.---- --- --- --- Minoru the Ninja Experience level: 9 Strength: 15 Dexterity: 16 Constitution: 18 Intelligence: 10 Wisdom: 10 Charisma: 8 Health: 0(118) Energy: 33(33) Def: 9 Gold: 2523 Moves: 8114 Dungeon seed: B6qb2LRh688lhPYG Game ID: Minoru_1435503409 Your Inventory: Coins $ - 2523 gold pieces Amulets m - an uncursed amulet of life saving t - an uncursed amulet of ESP Weapons a - a very rusty +1 katana (alternate weapon; not wielded) b - a +0 wakizashi c - a +0 yumi (weapon in hand) d - 17 +0 ya (in quiver) f - 12 +0 shuriken i - a cursed -1 bow o - 19 poisoned +0 orcish arrows p - 9 blessed poisoned +0 orcish arrows q - a +0 shito A - 9 blessed +0 arrows E - 5 +0 ya J - 12 blessed +1 arrows O - 10 +0 shuriken T - 6 +0 orcish arrows Armor e - an uncursed +1 elven mithril-coat (being worn) h - an uncursed +1 dwarvish cloak (being worn) n - an uncursed +0 mummy wrapping x - an uncursed thoroughly rusty +0 orcish helm (being worn) y - an uncursed +0 pair of speed boots (being worn) N - an uncursed +0 pair of yugake (being worn) Comestibles w - 7 uncursed gunyoki H - 3 uncursed lembas wafers I - an uncursed gunyoki K - 3 uncursed cream pies L - an uncursed banana M - 2 uncursed cloves of garlic P - 2 uncursed tripe rations Q - an uncursed fortune cookie S - an uncursed tin of gnome meat U - an uncursed eucalyptus leaf V - an uncursed partly eaten gunyoki W - 3 uncursed tins of cave spider meat Scrolls k - an uncursed scroll of enchant weapon z - an uncursed scroll of identify X - a cursed scroll of teleportation Y - an uncursed scroll of teleportation Potions C - an uncursed potion of water Rings F - an uncursed ring of fire resistance Wands g - a wand of magic missile (0:0) s - a wand of magic missile (0:1) Z - a blessed wand of magic missile (0:7) Tools l - an uncursed sack u - an uncursed skeleton key v - an uncursed towel Gems r - an uncursed jasper stone Contents of the sack: a wand of cancellation (0:7) a cursed wand of cancellation (0:6) a wand of digging (0:4) a wand of opening (0:3) a wand of striking (0:5) an uncursed brass lantern (0:1150) an uncursed oil lamp (0:1231) an uncursed oil lamp (0:1095) an uncursed osaku a +0 pick-axe a blessed tallow candle (0:200) 7 uncursed tallow candles (0:200) an uncursed tooled horn an uncursed wax candle (0:400) 2 uncursed amber stones 2 uncursed jasper stones an uncursed worthless piece of black glass an uncursed worthless piece of blue glass an uncursed worthless piece of orange glass an uncursed worthless piece of red glass an uncursed worthless piece of violet glass an uncursed worthless piece of white glass an uncursed worthless piece of yellow glass 2 uncursed worthless pieces of yellowish brown glass Spells known in the end: Name Level Category Fail Memory a - light 1 divination 100% 69% b - sleep 1 enchantment 100% 32% Your skills at the end: Fighting Skills martial arts [Basic] Weapon Skills short sword [Basic] long sword [Skilled] bow [Skilled] shuriken [Basic] Spellcasting Skills Final Attributes: You were nominally aligned. You were invisible. You could teleport. You were very fast. You were very unlucky. Amaterasu Omikami was angry with you. You are dead. Vanquished creatures: an aligned priest a giant mimic a large mimic a small mimic a gelatinous cube a flaming sphere an elf mummy an ettin zombie a soldier an incubus a crocodile a giant beetle 5 winter wolf cubs 2 lynxes 2 leprechauns a giant spider a horse a black light an ogre a rust monster a gold golem a werewolf a Green-elf a dog a housecat a gnome mummy 3 human zombies a Woodland-elf a fire ant a wood nymph 3 Mordor orcs 9 Uruk-hai 2 rock piercers 2 rock moles 2 ponies a fog cloud a yellow light a shrieker 2 violet fungi 10 gnome lords a gnomish wizard 2 black naga hatchlings 2 gray oozes 7 elf zombies 2 ghouls 2 floating eyes a kitten 4 dwarves 16 hill orcs 3 rothes 2 rabid rats 3 giant bats 3 monkeys 6 dwarf zombies 2 iguanas 22 killer bees an acid blob 3 coyotes a gas spore 2 large kobolds 2 hobgoblins 4 giant rats a brown mold 2 yellow molds a green mold a red mold 29 gnomes 9 garter snakes 4 manes a gnome zombie 3 geckos 12 jackals 2 kobolds 2 goblins 7 sewer rats 8 grid bugs a lichen a kobold zombie 5 newts 251 creatures vanquished. Genocided species: wood nymphs water nymphs mountain nymphs 3 species genocided. Voluntary challenges: You had been an atheist until turn 2264. You used a wielded weapon 454 times, starting on turn 1. You read items or engraved 33 times, starting on turn 1351. You genocided 3 types of monsters, starting on turn 1351. You never polymorphed an object. You never changed form. You used no wishes. You never split a pudding. You wrote Elbereth's name 2 times, starting on turn 3495. You violated your moral code, losing 15 points of alignment, starting on turn 5757. Dungeon overview: The Dungeons of Doom: levels 1 to 14 Level 1 a fountain a long staircase Level 2 a general store, a fountain Level 3 an altar to Susanowo stairs to The Gnomish Mines Level 4 Level 5 a fountain Level 6 a fountain Level 7 a fountain Level 8 some fountains Level 9 many fountains Level 10 stairs to Sokoban Level 11 a fountain Level 12 Level 13 a fountain Level 14 The Gnomish Mines: levels 4 to 8 Level 4 stairs to The Dungeons of Doom Level 5 Level 6 Level 7 <- You were here many shops, some fountains, some trees Level 8 Sokoban: Level 9 stairs to The Dungeons of Doom History has recorded: On T:1 you entered the Dungeons of Doom to retrieve the Amulet of Yendor! On T:275 you reached level 2 of The Dungeons of Doom. On T:583 you reached level 3 of The Dungeons of Doom. On T:727 you reached level 4 of The Dungeons of Doom. On T:826 you advanced to experience level 2. On T:843 you reached level 5 of The Dungeons of Doom. On T:927 you reached level 6 of The Dungeons of Doom. On T:986 you reached level 7 of The Dungeons of Doom. On T:1077 you reached level 8 of The Dungeons of Doom. On T:1221 you advanced to experience level 3. On T:1282 you advanced to experience level 4. On T:1317 you reached level 9 of The Dungeons of Doom. On T:1697 you advanced to experience level 5. On T:2594 you advanced to experience level 6. On T:3092 you advanced to experience level 7. On T:3176 you reached level 10 of The Dungeons of Doom. On T:3371 you reached level 11 of The Dungeons of Doom. On T:3429 you reached level 4 of Sokoban. On T:4303 you reached level 12 of The Dungeons of Doom. On T:4312 you advanced to experience level 8. On T:4581 you reached level 13 of The Dungeons of Doom. On T:4847 you reached level 14 of The Dungeons of Doom. On T:5699 you reached level 1 of The Gnomish Mines. On T:5723 you reached level 2 of The Gnomish Mines. On T:6018 you reached level 3 of The Gnomish Mines. On T:6200 you advanced to experience level 9. On T:6304 you reached level 4 of The Gnomish Mines. On T:6872 you reached level 5 of The Gnomish Mines. Score breakdown: Gold: 2523 (11572 points) Experience: 9 levels (15756 points) Exploration: 14 levels ( 31.11%) (16306 points) Discoveries: 29 items ( 11.74%) (10279 points) Valuables value: (no points given unless you survive) Artifact value: 0 ( 0 points) Variety of kills: 79 monsters ( 20.84%) (13696 points) Time penalty: 8114 turns (-2069 points) Survival: died (score multiplied by 80%) Total score: 52432 Latest messages: Your milky potion freezes and shatters! Your smoky potion freezes and shatters! Your potion of monster detection freezes and shatters! (2x) Yeenoghu zaps a wand of cold! The bolt of cold whizzes by you! The bolt of cold bounces! Yeenoghu zaps a wand of cold! The bolt of cold whizzes by you! The bolt of cold bounces! You put a black gem into the sack. You put a white gem into the sack. You put a red gem into the sack. You put an orange gem into the sack. You put 2 red gems into the sack. Yeenoghu zaps a wand of cold! The bolt of cold hits you! You die... Final status: Sayonara Minoru the Samurai, killed by a bolt of cold, while dragging an iron ball... You died in The Gnomish Mines on dungeon level 7 with 52432 points, and 2523 pieces of gold, after 8114 moves. You were level 9 with a maximum of 118 hit points when you died.